Match 41343611
Unlisted

Match 41343611
End
Construct Section Command Post
Royal Engineer Section
Vickers Machine Gun Team
Selects Air and Sea Battlegroup
Dingo Light Scout Car
Infantry Section
Infantry Section
Selects Supply Surplus
Construct Platoon Command Post
6-pounder Anti-tank Gun Team
Humber Armored Car
Infantry Training
Selects Commando Section Paradrop
Construct Company Command Post
Construct Field Infirmary
Selects Commando Support Section Paradrop
Selects Commando Support Section Paradrop
Forward Retreat Point
Foot Guards Section
Unlock M3 Grant Medium Tanks
M3 Grant Medium Tank
Selects UNKNOWN (223837)
Grenade Package
KevinTDW
TatonkaJack
0
0

Comments sign in to comment!

No comments posted yet!